 Dungeon Crawl Stone Soup version 0.22-a0-284-g99d1f74 (webtiles) character file.

389 4thArraOfDagon the Slasher (level 7, -10/78 HPs)
             Began as a Formicid Warper on Mar 20, 2018.
             Was a Believer of Cheibriados.
             Mangled by a gargoyle
             ... wielding a +0 mace
              (14 damage)
             ... on level 15 of the Dungeon.
             The game lasted 00:09:29 (2390 turns).

4thArraOfDagon the Slasher (Formicid Warper)        Turns: 2390, Time: 00:09:30

Health: -10/78     AC: 23    Str: 22 (24) XL:     7   Next: 7%
Magic:  10/10      EV:  2    Int: 16 (18) God:    Cheibriados [**....]
Gold:   231        SH:  4    Dex: 14      Spells: 10/10 levels left

rFire    . . .     SeeInvis .   a - +0 falchion
rCold    . . .     Gourm    .   n - +0 buckler
rNeg     + + +     Faith    .   (armour currently unavailable)
rPois    +         Spirit   .   (helmet unavailable)
rElec    .         Reflect  .   (cloak currently unavailable)
rCorr    .         Harm     .   (gloves currently unavailable)
MR       .....                  (boots currently unavailable)
Stlth    +.........             (no amulet)
HPRegen  0.23/turn              o - +4 ring of strength
MPRegen  0.12/turn              (no ring)

@: tree-form, very slow
A: permanent stasis, dig shafts and tunnels, four strong arms
a: Bend Time, Renounce Religion


You were on level 15 of the Dungeon.
You worshipped Cheibriados.
Cheibriados was pleased with you.
You were not hungry.
You were a tree.
You visited 1 branch of the dungeon, and saw 11 of its levels.

You collected 231 gold pieces.

Inventory:

Hand Weapons
 a - a +0 falchion (weapon)
 u - a +1 hand axe of electrocution
Missiles
 e - a tomahawk of dispersal (quivered)
Armour
 g - a +0 scale mail (melded)
 n - a +0 buckler (worn)
Jewellery
 o - a +4 ring of strength (left branch)
Wands
 i - a wand of random effects (18)
Scrolls
 b - a scroll of remove curse
 d - a scroll of blinking
Potions
 q - 2 potions of brilliance
 w - a potion of flight
Comestibles
 f - 5 rations


   Skills:
 + Level 3.5 Fighting
 * Level 4.8 Long Blades
 - Level 1.0 Throwing
 - Level 1.1 Armour
 + Level 2.8 Dodging
 + Level 2.4 Shields
 - Level 2.1 Spellcasting
   Level 2.6 Translocations
 + Level 2.7 Invocations


You had 10 spell levels left.
You didn't know any spells.

Dungeon Overview and Level Annotations

Branches:
Dungeon (15/15)
 Temple: D:4-7         Lair: D:8-11         Orc: D:9-12      Vaults: D:13-14
 Depths: D:15

Altars:
Cheibriados
Dithmenos
Hepliaklqana
Yredelemnul

Annotations:
D:11 Maurice


Innate Abilities, Weirdness & Mutations

You cannot be hasted, slowed, berserked, paralysed or teleported.
You can dig through walls and to a lower floor.
Your four strong arms can wield two-handed weapons with a shield.
((You have a pair of large antennae on your head. (SInv)))


Message History

Aiming: Random Effects
Press: ? - help, Shift-Dir - straight line The puff of frost hits something.
A stone arrow appears from out of thin air!
Helpless, you fail to dodge the stone arrow.
* * * LOW HITPOINT WARNING * * *
Unknown command.
Evoke which item? (* to show all) (? for menu, Esc to quit)
Really evoke
i - a wand of random effects (20)?
This could place you under penance!
Aiming: Random Effects
Press: ? - help, Shift-Dir - straight line Nothing appears to happen.
Something hits you!
* * * LOW HITPOINT WARNING * * *
Unknown command.
Evoke which item? (* to show all) (? for menu, Esc to quit)
Really evoke
i - a wand of random effects (19)?
This could place you under penance!
Aiming: Random Effects
Press: ? - help, Shift-Dir - straight line The puff of frost hits something.
Something hits you!
You die...

## .# .# #### ###.#
#... #...# #... #...#
#...###...#
#......♣..#
#....#{##.# ..### ...
#....#.# # ....# .....
#......# ...##.....
#....### ..........
###...# .. .........
#.#..# ... ##........
#.#.....#..##..##...5.
#!#..9..#.............


There were no monsters in sight!

Vanquished Creatures
  An ogre (D:6)
  A bullfrog (D:6)
  A howler monkey (D:4)
  A crimson imp (D:12)
  A bullfrog zombie (D:12)
  A hound (D:6)
  A gnoll (D:4)
  2 adders
  An ooze (D:2)
  3 worms
  A dart slug (D:4)
  A leopard gecko (D:3)
  6 orcs
  7 bats
  2 giant cockroaches
  4 goblins
  5 hobgoblins
  10 jackals
  5 frilled lizards
  6 kobolds
  7 rats
67 creatures vanquished.

Vanquished Creatures (others)
  A goblin (D:1)
1 creature vanquished.

Grand Total: 68 creatures vanquished

Notes
Turn   | Place    | Note
-------+----------+-------------------------------------------
     0 | D:1      | 4thArraOfDagon the Formicid Warper began the quest for the Orb.
     0 | D:1      | Reached XP level 1. HP: 16/16 MP: 3/3
    89 | D:1      | Reached XP level 2. HP: 18/22 MP: 5/5
   214 | D:2      | Reached skill level 3 in Long Blades
   300 | D:2      | You fall through a shaft!
   419 | D:4      | Noticed an ogre
   429 | D:3      | Found a snail-covered altar of Cheibriados.
   433 | D:3      | Became a worshipper of Cheibriados the Contemplative
   459 | D:2      | Reached XP level 3. HP: 27/27 MP: 6/6
   719 | D:1      | Reached * piety under Cheibriados
   958 | D:2      | Reached XP level 4. HP: 21/34 MP: 7/7
  1079 | D:2      | Reached skill level 1 in Invocations
  1740 | D:4      | Reached skill level 1 in Shields
  1749 | D:4      | Reached skill level 4 in Long Blades
  1749 | D:4      | Reached XP level 5. HP: 36/40 MP: 8/8
  1766 | D:4      | You fall through a shaft for 3 floors!
  1766 | D:7      | Found a hazy altar of Hepliaklqana.
  1766 | D:7      | Found a basalt altar of Yredelemnul.
  1883 | D:6      | Found a shadowy altar of Dithmenos.
  1957 | D:7      | Noticed a bullfrog
  1967 | D:6      | Killed a bullfrog
  1967 | D:6      | Reached XP level 6. HP: 33/47 MP: 9/9
  2004 | D:6      | Noticed an ogre
  2023 | D:6      | Reached ** piety under Cheibriados
  2038 | D:6      | Killed an ogre
  2088 | D:6      | You fall through a shaft for 2 floors!
  2090 | D:8      | HP: 1/47 [centaur/arrow (7)]
  2091 | D:8      | You fall through a shaft for 3 floors!
  2091 | D:11     | Noticed Maurice
  2095 | D:11     | Noticed a hippogriff
  2095 | D:11     | You fall through a shaft!
  2116 | D:12     | Reached XP level 7. HP: 8/52 MP: 10/10
  2166 | D:12     | Noticed a gargoyle
  2171 | D:12     | You fall through a shaft for 2 floors!
  2171 | D:14     | Noticed a centaur warrior
  2310 | D:15     | Entered Level 15 of the Dungeon
  2326 | D:15     | Noticed a centaur warrior
  2326 | D:15     | Noticed a wraith
  2362 | D:14     | Noticed Agnes
  2365 | D:14     | You fall through a shaft!
  2365 | D:15     | Noticed a gargoyle
  2390 | D:15     | Mangled by a gargoyle

Vault maps used:
D:1:      evilmike_arrival_crescent, serial_forest,
          infiniplex_forest_clump_small, infiniplex_forest_straight_1,
          infiniplex_forest_fountain, infiniplex_forest_clump_C,
          lemuel_old_faithful
D:2:      first_ration
D:3:      cheibriados_altar_1
D:6:      nicolae_overflow_crystal_walls, serial_shops, shop, minivault_14,
          supply_closet_lemuel
D:7:      grunt_temple_overflow_open, minmay_temple_entry_fiery,
          kennysheep_minor_cross, the_bakery
D:8:      lemuel_crystal_altar, uniq_erica, uniq_psyche, uniq_grum
D:11:     serial_glass, glass_columns_c, glass_columns_a, minivault_1,
          uniq_nergalle, uniq_maurice
D:12:     serial_shops, shop
D:14:     minmay_mutant_horseshoe, spider_trap, uniq_agnes, uniq_kirke,
          uniq_josephine
D:15:     grunt_enter_depths_magical_seal

Skill      XL: |  1  2  3  4  5  6 |
---------------+-------------------+-----
Long Blades    | 3 4 |  4.8
Dodging        | 2 |  2.8
Invocations    | 1 2 |  2.7
Shields        | 1 2 |  2.4
Fighting       | 3 |  3.5
Throwing       | |  1.0
Armour         | |  1.1
Spellcasting   | |  2.1
Translocations | |  2.6

Action                   |  1- 3 |  4- 6 |  7- 9 || total
-------------------------+-------+-------+-------++-------
Melee: Falchion          |   123 |   109 |       ||   232
       Hand axe          |       |     6 |       ||     6
Throw: Tomahawk          |       |     4 |       ||     4
Invok: Bend Time         |       |     1 |       ||     1
 Abil: Dig               |     3 |     4 |     3 ||    10
       Shaft Self        |     1 |     4 |     2 ||     7
Evoke: Wand              |       |       |    11 ||    11
  Use: Potion            |       |     7 |     1 ||     8
       Scroll            |       |     3 |     5 ||     8
  Eat: Chunk             |     1 |     1 |       ||     2
       Ration            |       |     1 |     1 ||     2
Armor: Leather armour    |     4 |       |       ||     4
       Scale mail        |    52 |    46 |       ||    98
       Skin              |       |       |     1 ||     1
Dodge: Dodged            |    73 |    64 |     1 ||   138
Block: Buckler           |     2 |    22 |       ||    24
       Rpst.: Falchion   |    20 |    19 |       ||    39

Table legend:
 A = Spawn XP
 B = Non-spawn XP
 C = Spawn XP percentage of total XP
 D = Spawn monster count
 E = Non-spawn monster count
 F = Spawn count percentage of total count
 G = Total turns spent on level
                    A         B        C        D         E        F      G
               +---------+---------+-------+---------+---------+-------+---------
         Total |       0 |     557 |   0.0 |       0 |      67 |   0.0 |  2390
               +---------+---------+-------+---------+---------+-------+---------
           D:1 |       0 |      37 |   0.0 |       0 |      21 |   0.0 |   479
           D:2 |       0 |      59 |   0.0 |       0 |      22 |   0.0 |   801
           D:3 |       0 |      34 |   0.0 |       0 |      10 |   0.0 |   427
           D:4 |       0 |      76 |   0.0 |       0 |       4 |   0.0 |    59
           D:6 |       0 |     250 |   0.0 |       0 |       5 |   0.0 |   203
           D:7 |       0 |       6 |   0.0 |       0 |       3 |   0.0 |   119
          D:12 |       0 |      95 |   0.0 |       0 |       2 |   0.0 |    76
               +---------+---------+-------+---------+---------+-------+---------
